 Dungeon Crawl Stone Soup version 0.30-a0-187-gd9c2deaf24 (webtiles) character file.

Game seed: 17805248405412995602

561420 tilp the Lord of Darkness (level 25, 0/206 HPs)
             Began as a Mummy Necromancer on Sept 27, 2022.
             Was the Champion of Kikubaaqudgha.
             Killed from afar by a storm dragon (11 damage)
             ... with a bolt of lightning
             ... on level 1 of the Realm of Zot on Oct 3, 2022.
             The game lasted 03:45:56 (77088 turns).

tilp the Lord of Darkness (Mummy Necromancer)      Turns: 77088, Time: 03:45:57

Health: 0/206      AC: 22    Str: 22    XL:     25   Next: 36%
Magic:  7/43       EV: 16    Int: 33    God:    Kikubaaqudgha [******]
Gold:   6001       SH:  8    Dex: 12    Spells: 8/57 levels left

rFire   + . .      SeeInvis +    a - staff of death
rCold   + . .      Faith    +    r - +3 buckler
rNeg    + + +      Spirit   .    N - +4 troll leather armour "Qulaqifef" {Regen+ Stlth+}
rPois   ∞          Reflect  .    c - +2 helmet {Int+3}
rElec   +          Harm     .    v - +2 cloak {Will+}
rCorr   .          Rampage  .    V - +1 pair of gloves "Sevugag" {rElec Int+2 SInv}
Will    ++++.                    n - +2 pair of boots
Stlth   ++++......               o - amulet of magic regeneration
HPRegen 1.34/turn                U - ring "Inaxom" {AC+4 Str+2}
MPRegen 0.68/turn                e - ring of the Townfolk {rF++ Str+6 Int+6 Dex-2}

@: corroded, studying Ranged Weapons
A: cold resistance 1, negative energy resistance 3, torment resistance 2, heat
vulnerability 1, in touch with death 2, no potions, faith
}: 3/15 runes: decaying, serpentine, silver
a: Renounce Religion, Unearth Wretches, Torment


You were on level 1 of the Realm of Zot.
You worshipped Kikubaaqudgha.
Kikubaaqudgha was exalted by your worship.
You visited 11 branches of the dungeon, and saw 47 of its levels.
You visited 1 bazaar.
You visited 1 ziggurat, and saw 3 of its levels.
You also visited: Ice Cave and Volcano.

You collected 11263 gold pieces.
You spent 5262 gold pieces at shops.

Inventory:

Hand Weapons
 b - a +9 lajatang of electrocution
Missiles
 d - 11 curare-tipped darts (quivered)
 f - 77 poisoned darts
 i - 3 silver javelins
 B - 26 boomerangs
 J - 29 atropa-tipped darts
 K - 13 javelins
 M - 2 throwing nets
 S - 8 datura-tipped darts
Armour
 c - a +2 helmet of intelligence (worn)
 n - a +2 pair of boots (worn)
 r - a +3 buckler (worn)
 v - a +2 cloak of willpower (worn)
 N - the +4 troll leather armour "Qulaqifef" (worn) {Regen+ Stlth+}
   (You bought it in a shop on level 2 of the Orcish Mines)

   Regen:     It increases your rate of health regeneration.
   Stlth:     It makes you more stealthy.
 V - the +1 pair of gloves "Sevugag" (worn) {rElec Int+2 SInv}
   (You found it on level 14 of the Dungeon)

   Int:       It affects your intelligence (+2).
   rElec:     It insulates you from electricity.
   SInv:      It lets you see invisible.
Magical Staves
 a - a staff of death (weapon)
Jewellery
 e - the ring of the Townfolk (right hand) {rF++ Str+6 Int+6 Dex-2}
   (You bought it in a shop on level 2 of the Orcish Mines)

   [ring of strength]

   Str:       It affects your strength (+6).
   Int:       It affects your intelligence (+6).
   Dex:       It affects your dexterity (-2).
   rF:        It greatly protects you from fire.
 h - the amulet "Seigidghu" {Reflect rF+ SH+5}
   (You took it off a necromancer on level 3 of the Crypt)

   [amulet of reflection]

   It reflects blocked missile attacks.
   rF:        It protects you from fire.
   SH:        It affects your SH (+5).
 o - an amulet of magic regeneration (around neck)
 q - a ring of protection from cold
 s - the ring of Satisfaction {MP+9 Int+2}
   (You found it on level 5 of the Vaults)

   [ring of magical power]

   Int:       It affects your intelligence (+2).
   MP:        It affects your magic capacity (+9).
 u - an amulet of regeneration
 L - a ring of willpower
 R - the ring "Vahyadoi" {+Blink rPois rC- rN+ rCorr}
   (You found it on level 3 of the Crypt)

   [ring of positive energy]

   rC:        It makes you vulnerable to cold.
   rPois:     It protects you from poison.
   rN:        It protects you from negative energy.
   +Blink:    It lets you blink.
   rCorr:     It protects you from acid and corrosion.
 U - the ring "Inaxom" (left hand) {AC+4 Str+2}
   (You found it on level 14 of the Dungeon)

   [ring of protection]

   AC:        It affects your AC (+4).
   Str:       It affects your strength (+2).
 X - the amulet of Rissiadu {Reflect rElec rC+ Int+3 Dex-2 SH+5}
   (You took it off a deep elf death mage on level 3 of the Elven Halls)

   [amulet of reflection]

   It reflects blocked missile attacks.
   Int:       It affects your intelligence (+3).
   Dex:       It affects your dexterity (-2).
   rC:        It protects you from cold.
   rElec:     It insulates you from electricity.
   SH:        It affects your SH (+5).
 Y - a ring of flight
 Z - a ring of protection from fire
Wands
 j - a wand of polymorph (17)
 p - a wand of acid (42)
 w - a wand of charming (42)
 z - a wand of flame (57)
 D - a wand of mindburst (42)
 O - a wand of roots (32)
Scrolls
 g - 11 scrolls of fog
 k - 9 scrolls of vulnerability
 l - 7 scrolls of amnesia
 m - 5 scrolls of magic mapping
 t - 23 scrolls of teleportation
 y - 2 scrolls of blinking
 E - 6 scrolls of summoning
 H - 9 scrolls of fear
 I - 10 scrolls of poison
 Q - 4 scrolls of torment
 T - 4 scrolls of silence
 W - 9 scrolls of enchant armour
Miscellaneous
 x - a condenser vane (inert)
 A - a phantom mirror
 C - a tin of tremorstones (2/2)
 F - a phial of floods
 G - a box of beasts
 P - a lightning rod (4/4)


   Skills:
 + Level 18.9 Fighting
 - Level 12.0 Staves
 + Level 9.8 Armour
 + Level 13.2 Dodging
 - Level 6.0 Stealth
 - Level 6.0 Shields
 + Level 16.7 Spellcasting
 - Level 10.0 Hexes
 - Level 10.0 Summonings
 + Level 20.8 Necromancy
 - Level 4.0 Translocations
 - Level 10.0 Ice Magic
 - Level 10.0 Earth Magic
 + Level 13.1 Evocations


You had 8 spell levels left.
You knew the following spells:

 Your Spells              Type           Power      Damage    Failure   Level
a - Infestation           Necr           90%        N/A       2%          8
b - Vampiric Draining     Necr           100%       2d13      0%          3
c - Animate Dead          Necr           100%       N/A       0%          4
d - Anguish               Hex/Necr       82%        N/A       1%          4
e - Blink                 Tloc           100%       N/A       1%          2
f - Dispel Undead         Necr           100%       3d31      0%          4
g - Borgnjor's Vile Clut  Necr/Erth      82%        N/A       1%          5
h - Death Channel         Necr           90%        N/A       1%          6
i - Simulacrum            Ice/Necr       82%        N/A       1%          6
j - Haunt                 Necr/Summ      82%        N/A       3%          7

Your spell library contained the following spells:

 Spells                   Type           Power      Damage    Failure   Level
 Necrotise                Necr           100%       1d9       0%          1
 Agony                    Necr           100%       N/A       0%          5
 Apportation              Tloc           100%       N/A       1%          1
 Foxfire                  Conj/Fire      100%       2x1d9     1%          1
 Freeze                   Ice            100%       1d11      1%          1
 Kiss of Death            Conj/Necr      100%       2d13      1%          1
 Shock                    Conj/Air       100%       1d9       1%          1
 Slow                     Hex            100%       N/A       1%          1
 Summon Small Mammal      Summ           100%       N/A       1%          1
 Cigotuvi's Dreadful Rot  Necr/Pois/Air  100%       N/A       1%          2
 Momentum Strike          Conj/Tloc      80%        3d10      1%          2
 Call Canine Familiar     Summ           76%        N/A       1%          3
 Confusing Touch          Hex            76%        N/A       1%          3
 Dazzling Flash           Conj/Hex       100%       N/A       1%          3
 Frozen Ramparts          Ice            100%       1d16      1%          3
 Gell's Gravitas          Tloc           52%        N/A       1%          3
 Hailstorm                Conj/Ice       57%        3d12      1%          3
 Inner Flame              Hex/Fire       57%        N/A       1%          3
 Lesser Beckoning         Tloc           100%       N/A       1%          3
 Ozocubu's Armour         Ice            76%        N/A       1%          3
 Portal Projectile        Hex/Tloc       100%       N/A       1%          3
 Summon Guardian Golem    Hex/Summ       76%        N/A       1%          3
 Teleport Other           Tloc           52%        N/A       1%          3
 Tukima's Dance           Hex            76%        N/A       1%          3
 Animate Armour           Summ/Erth      100%       N/A       1%          4
 Leda's Liquefaction      Hex/Erth       38%        N/A       1%          4
 Lee's Rapid Deconstruct  Erth           38%        3d20*     1%          5
 Metabolic Englaciation   Hex/Ice        38%        N/A       1%          5
 Summon Mana Viper        Hex/Summ       76%        N/A       1%          5
 Fulminant Prism          Conj/Hex       28%        3d14      2%          4
 Petrify                  Tmut/Erth      57%        N/A       2%          4
 Summon Lightning Spire   Summ/Air       57%        N/A       2%          4
 Poisonous Vapours        Pois/Air       54%        N/A       3%          2
 Scorch                   Fire           54%        2d8       3%          2
 Static Discharge         Conj/Air       54%        2-5/arc   3%          2
 Kindle Blastsparks       Fire/Tloc/Air  72%        2d16      3%          3
 Summon Forest            Summ/Tloc      32%        N/A       3%          5
 Manifold Assault         Tloc           52%        N/A       4%          4
 Passage of Golubria      Tloc           52%        N/A       4%          4
 Summon Cactus Giant      Summ           38%        N/A       5%          6
 Ignite Poison            Fire/Tmut/Pois 27%        N/A       6%          3
 Mephitic Cloud           Conj/Pois/Air  27%        N/A       6%          3
 Yara's Violent Unravell  Hex/Tmut       28%        3d12      8%          5
 Iskenderun's Mystic Bla  Conj/Tloc      40%        2d9       9%          4
 Freezing Cloud           Conj/Ice/Air   24%        6-21      14%         5
 Flame Wave               Conj/Fire      27%        2d9       21%         4
 Olgreb's Toxic Radiance  Pois           27%        N/A       21%         4
 Sticky Flame             Conj/Fire      27%        2d5       21%         4
 Enfeeble                 Hex            38%        N/A       28%         7
 Ozocubu's Refrigeration  Ice            38%        4d15      28%         7
 Summon Hydra             Summ           38%        N/A       28%         7
 Iron Shot                Conj/Erth      28%        9d6       38%         6
 Arcjolt                  Conj/Air       13%        1d23      50%         5
 Iskenderun's Battlesphe  Conj           27%        2d8       50%         5
 Lightning Bolt           Conj/Air       13%        1d27      50%         5
 Dispersal                Tloc           26%        N/A       52%         6
 Malign Gateway           Summ/Tloc      32%        N/A       69%         7
 Spellforged Servitor     Conj/Summ      28%        N/A       92%         7
 Summon Horrible Things   Summ           38%        N/A       92%         8
 Conjure Ball Lightning   Conj/Air       13%        3x3d6     97%         6
 Eringya's Noxious Bog    Tmut/Pois      13%        N/A       97%         6
 Starburst                Conj/Fire      13%        6d6       97%         6
 Orb of Destruction       Conj           13%        9d7       100%        7
 Maxwell's Capacitive Co  Air            13%        ∞         100%        8
 Chain Lightning          Conj/Air       13%        3d18      100%        9
 Fire Storm               Conj/Fire      13%        8d4       100%        9
 Shatter                  Erth           38%        3d30*     100%        9
 Sublimation of Blood     Necr           Unusable   N/A       N/A         2
 Statue Form              Tmut/Erth      Unusable   N/A       N/A         6
 Blade Hands              Tmut           Unusable   N/A       N/A         5

Dungeon Overview and Level Annotations

Branches:
Dungeon (15/15)            Temple (1/1) D:6            Lair (5/5) D:10
  Swamp (4/4) Lair:2        Snake (4/4) Lair:2        Slime (0/5) Lair:4
    Orc (2/2) D:12            Elf (3/3) Orc:2        Vaults (5/5) D:14
  Crypt (3/3) Vaults:2       Tomb (0/3) Crypt:3      Depths (4/4) D:15
    Zot (1/5) Depths:4      IceCv (visited)         Volcano (visited)

Altars:
Ashenzari
Cheibriados
Dithmenos
Fedhas
Gozag
Hepliaklqana
Kikubaaqudgha
Makhleb
Nemelex Xobeh
Okawaru
Qazlal
Ru
Sif Muna
Trog
Uskayaw
Vehumet
Wu Jian
Xom
Yredelemnul
Lugonu

Shops:
D:3 [   D:8 ?((((   D:9 *   D:11 (   Orc:2 =(*[   Snake:1 [   Vaults:1 !:[!
Vaults:3 :   Vaults:4 !   Vaults:5 (   Depths:2 [   Depths:4 ?

Portals:
Hell: Depths:1 Depths:2 Depths:3 Depths:4
Abyss: Depths:3 Depths:4
Pandemonium: Depths:2

Annotations:
Elf:2 2 runed translucent doors


Innate Abilities, Weirdness & Mutations

You are immune to poison.
Your flesh is cold resistant. (rC+)
You are immune to negative energy. (rN+++)
You are immune to unholy pain and torment.
You are vulnerable to heat. (rF-)
You are strongly in touch with the powers of death.
You do not drink.
You have a special connection with the divine. (Faith)


Message History

The red draconian scorcher is wracked by anguish!!!
Your black draconian zombie barely misses the yellow draconian annihilator.
Unknown command.
Unknown command.
Your purple draconian zombie hits the yellow draconian annihilator.
The yellow draconian annihilator hits your purple draconian zombie but does no damage.
Something hits your red draconian zombie!
Something hits your red draconian zombie!!
Unknown command.
Unknown command.
Found a giant spiked club.
Something hits your black draconian zombie.
Something barely misses your red draconian zombie.
Something hits your black draconian zombie!
Unknown command.
Something hits your red draconian zombie!
Kikubaaqudgha accepts your kill.
You feel a bit more experienced. Kikubaaqudgha accepts your kill.
You feel a bit more experienced.
Unknown command.
Your surroundings suddenly seem different.
A storm dragon comes into view.
The storm dragon roars deafeningly!
Casting: Anguish (safe; 1% risk of failure)
Confirm with . or Enter, or press ? or * to list all spells.
Aiming: Haunt (dangerous; 3% risk of failure)
Press: ? - help, Dir - move target, f - storm dragon
Aim: a storm dragon You feel a huge surge of power!
Insubstantial figures form in the air.
The storm dragon bites your wraith! The storm dragon claws your wraith.
The storm dragon closely misses your wraith.
Unknown command.
Unknown command.
Unknown command.
The storm dragon breathes lightning at you.
The bolt of lightning hits your wraith! The bolt of lightning hits you!
You resist.
You die...
Kikubaaqudgha rasps: "You have failed me!
Welcome... oblivion!"

****#####*************
**,,,....,,,,,,,,,,,,,,
**,,,,.WW.,,,,,,,,,,,,,,
**,,,**#.W#*********,,***
**,,,** #D.# *,,* **,,,**
#WW# *,,* **,,,** #..#
*,,* **,,,** #..# *,,*
**,,,** #@.#*** ****,,***
**,,,** *#.....#
*,,,,,,,, **,,,,***
**......# *,,,,,⌠,,
**,,,*,,,*****...#####
*********
*,,,****,*,,,##### ,,,**
*,,,,,,,** ,,**
***,,,,,,** ,,,**
*,+,,,8,,,** *,,,**
*,*,,,,,,,,** ****


You could see a storm dragon (catching breath, ally target), a friendly shadow
wraith (summoned, invisible), a friendly phantasmal warrior (summoned) and 3
friendly wraiths.

Vanquished Creatures
  An ancient lich (Vaults:5)
  A dread lich (Crypt:3)
  Sojobo (Vaults:4)
  A caustic shrike (Depths:4)
  3 golden dragons
  A profane servitor (Depths:3)
  A walking crystal tome (Depths:2)
  3 tentacled monstrosities
  2 liches (Crypt:3)
  A quicksilver dragon (Depths:2)
  A deep elf blademaster (Elf:3)
  3 titans
  3 sphinxes
  Agnes (Snake:3)
  Donald (Elf:3)
  2 storm dragons
  2 tengu reavers
  2 nagarajas
  7 draconian monks
  A revenant (Crypt:2)
  8 deep elf sorcerers
  2 shadow dragons
  A fenstrider witch (Swamp:3)
  2 fire giants (Vaults:5)
  2 frost giants
  6 vault wardens
  A curse skull (Crypt:1)
  A deep elf elementalist (Elf:3)
  2 orc warlords
  Aizul (Depths:2)
  10 ghouls
  9 ironbound preservers
  15 very ugly things
  A draconian annihilator (Depths:4)
  A spriggan defender (Vaults:4)
  8 stone giants
  4 ironbound thunderhulks
  5 deep elf demonologists
  6 vampire knights
  2 eleionomae
  4 green draconians (Depths:4)
  Nessos (D:14)
  A starcursed mass (Zig:3)
  3 dire elephants (Vaults:2)
  2 black draconians (Depths:4)
  8 purple draconians (Depths:4)
  5 red draconians (Depths:4)
  A bunyip (Swamp:2)
  A spark wasp (Depths:1)
  4 eidola
  A deep elf annihilator (Elf:3)
  2 white draconians (Depths:4)
  5 crystal guardians
  4 fire dragons
  3 ettins
  An entropy weaver (shapeshifter) (Depths:2)
  A spriggan zombie (Crypt:3)
  6 deep elf death magi
  A shambling mangrove (Swamp:4)
  A nameless horror (Elf:1)
  15 vault guards
  A merfolk javelineer (Depths:3)
  5 yaktaur captains
  6 great orbs of eyes
  2 jiangshi (Crypt:1)
  The ghost of QuickerDeath the Fighter, a journeyman DgIE (Orc:2)
  A quicksilver dragon skeleton (Crypt:2)
  A peacekeeper (Vaults:2)
  5 hydras
  A spriggan air mage (Depths:2)
  A spriggan skeleton (Crypt:3)
  6 centaur warriors
  4 ice dragons
  A catoblepas (D:13)
  3 ironbound frosthearts
  A ghost crab (Swamp:3)
  3 death knights
  3 ogre magi
  A boulder beetle (D:15)
  3 deep troll earth magi
  2 two-headed ogres
  5 anacondas
  An alligator (shapeshifter) (Depths:2)
  17 dancing weapons
  2 tengu warriors (D:15)
  6 deep troll shamans
  6 naga warriors
  4 orc high priests
  2 spriggan berserkers
  A vampire mage (Crypt:1)
  3 hell hogs (Depths:3)
  A shock serpent (shapeshifter) (Depths:2)
  2 death yaks (Lair:2)
  4 shock serpents
  2 naga sharpshooters
  A soul eater (Crypt:1)
  7 hell knights
  A sun demon (Depths:2)
  9 deep elf knights
  14 skeletal warriors
  An iron troll (Depths:2)
  A golden dragon zombie (Crypt:3)
  Lodul (D:12)
  2 goliath frogs
  A glowing orange brain (Depths:1)
  A sea snake (Snake:1)
  3 spriggan druids
  A death drake (Swamp:3)
  8 deep trolls
  2 bog bodies
  An orange crystal statue (D:13)
  A naga ritualist (Snake:2)
  A glowing orange brain (shapeshifter) (Vaults:3)
  4 wizards
  2 swamp dragons
  11 ironbound convokers
  4 lindwurms
  4 phantasmal warriors
  5 deep elf archers
  13 deep elf pyromancers
  A large abomination (Zig:3)
  3 necromancers
  2 orc knights
  5 harpies (Vaults:5)
  Pikel (D:5)
  17 deep elf zephyrmancers
  3 orc sorcerers
  28 ugly things
  4 mana vipers
  3 salamanders
  An eleionoma zombie (Crypt:1)
  An ugly thing zombie (D:14)
  7 cyclopes
  A cyclops (shapeshifter) (Vaults:5)
  An eleionoma skeleton (Crypt:2)
  3 manticores
  5 elephants (Lair:4)
  2 apis skeletons (Depths:3)
  5 naga magi
  A guardian serpent (Snake:4)
  11 vault sentinels
  17 black mambas
  3 torpor snails (Lair:5)
  A torpor snail (shapeshifter) (Depths:2)
  4 cane toads
  A gargoyle (D:12)
  Maggie (D:7)
  2 unseen horrors (D:12)
  2 kobold demonologists (D:12)
  A komodo dragon (shapeshifter) (Depths:2)
  A rime drake (D:11)
  3 freezing wraiths
  4 komodo dragons
  3 tengu conjurers
  A death yak skeleton (Crypt:1)
  An unseen horror skeleton (Crypt:1)
  An orb spider zombie (Crypt:2)
  13 yaktaurs
  A harpy zombie (Crypt:3)
  6 trolls
  A queen bee (shapeshifter) (Depths:2)
  8 hornets
  A polar bear (Lair:1)
  A tarantella (Zig:1)
  4 blink frogs
  6 tyrant leeches
  A wind drake (shapeshifter) (Depths:2)
  A tarantella (shapeshifter) (Depths:2)
  16 slime creatures
  A raiju (Lair:5)
  7 dream sheep
  A blink frog (shapeshifter) (D:13)
  An air elemental (Elf:2)
  An ettin skeleton (Crypt:3)
  17 flying skulls
  2 shadows
  A wyvern (D:7)
  A vampire (D:12)
  2 spriggans
  10 yaks
  9 wraiths
  A water elemental (Depths:3)
  4 basilisks
  A neqoxec (Zig:3)
  2 fire elementals
  2 hogs (Lair:4)
  The ghost of qborf the Sneak, an amateur DsBr (D:4)
  2 steam dragons (Volcano)
  6 vampire mosquitoes
  Menkaure (D:4)
  5 swamp worms
  3 wargs
  An acid dragon (D:9)
  6 hell hounds
  11 nagas
  9 water moccasins
  11 orc warriors
  Pargi (D:4)
  A swamp drake (D:12)
  2 ice beasts
  3 black bears
  A black bear (shapeshifter) (Elf:2)
  A blink frog skeleton (Crypt:2)
  4 wolves
  7 boggarts
  13 ogres
  A lemure (D:5)
  4 centaurs
  A hog skeleton (Crypt:1)
  3 kobold brigands
  Blork the orc (D:4)
  6 bullfrogs
  3 earth elementals
  2 gnoll sergeants (D:12)
  10 necrophages
  2 scorpions (D:7)
  A demonspawn simulacrum (Crypt:2)
  A troll zombie (Crypt:1)
  5 killer bees (D:10)
  2 howler monkeys (D:11)
  A wolf zombie (Crypt:2)
  6 hounds
  5 orc priests
  A gnoll bouda (D:7)
  4 jellies
  3 iguanas
  12 orc wizards
  A hound zombie (Crypt:2)
  A hound skeleton (Crypt:2)
  7 gnolls
  2 naga simulacra
  6 adders
  A river rat (D:4)
  3 white imps
  2 ufetubi
  A lava snake zombie (Crypt:2)
  A worm (D:3)
  2 dart slugs
  41 orcs
  3 ball pythons
  5 bats
  3 endoplasms
  2 giant cockroaches
  8 goblins
  9 hobgoblins
  5 quokkas
  A frilled lizard (D:1)
  13 kobolds
  4 rats
958 creatures vanquished.

Vanquished Creatures (collateral kills)
  A dread lich (Vaults:5)
  An ancient lich (Vaults:5)
  Mara (Swamp:3)
  Vv (Depths:2)
  2 caustic shrikes (Depths:4)
  Vashnia (Snake:3)
  Xtahua (Vaults:2)
  Nikola (Depths:2)
  4 golden dragons
  A bone dragon (Crypt:3)
  10 tentacled monstrosities
  2 titans (Vaults:5)
  2 liches
  The ghost of Flugkiller the Destroyer, an adept OgRe of Uskayaw (Snake:1)
  A walking frostbound tome (Depths:3)
  3 quicksilver dragons
  3 sphinxes
  Kirke (Lair:4)
  A thorn hunter (Swamp:4)
  A storm dragon (Depths:4)
  2 tengu reavers (Vaults:5)
  Roxanne (Snake:3)
  5 nagarajas
  4 shadow dragons
  A revenant (Crypt:1)
  4 fire giants
  A draconian monk (Zot:1)
  A frost giant (shapeshifter) (Vaults:5)
  5 deep elf sorcerers
  A balrug (Depths:4)
  A frost giant (Depths:3)
  A draconian stormcaller (Zot:1)
  A draconian scorcher (Zot:1)
  A ghost moth (Zot:1)
  2 war gargoyles
  18 very ugly things
  9 ironbound preservers
  2 draconian annihilators
  3 ironbound thunderhulks
  2 stone giants
  2 eleionomae
  A green draconian (Zot:1)
  4 purple draconians
  3 deep elf demonologists
  2 deep elf annihilators
  A bunyip (Swamp:3)
  5 red draconians
  5 dire elephants
  2 yellow draconians (Zot:1)
  5 white draconians
  A merfolk impaler (Depths:3)
  8 ettins
  2 pearl dragon zombies (Depths:3)
  A deep elf death mage (Elf:3)
  3 fire dragons
  9 yaktaur captains
  A shambling mangrove (Swamp:4)
  14 vault guards
  A great orb of eyes (Vaults:2)
  A fenstrider witch zombie (Crypt:3)
  A peacekeeper (Vaults:3)
  2 ice dragons
  7 hydras
  A spriggan skeleton (Crypt:2)
  2 ghost crabs
  3 spriggan air magi (Depths:4)
  2 centaur warriors (Vaults:2)
  4 anacondas
  An ironbound frostheart (Vaults:4)
  7 alligators
  7 naga warriors
  5 deep troll shamans
  2 boulder beetles
  3 two-headed ogres
  2 orc high priests (Orc:2)
  Urug (D:13)
  3 tengu warriors
  2 vampire magi
  A hell hog (Depths:4)
  5 naga sharpshooters
  A deep troll earth mage (Depths:2)
  2 spriggan berserkers (Depths:3)
  The ghost of Flugkiller the Nimble, a journeyman SpWn of Ashenzari (D:10)
  5 soul eaters (Depths:4)
  2 sun demons (Depths:4)
  2 deep elf knights
  3 hell knights
  2 shock serpents (Snake:3)
  4 iron trolls
  6 skeletal warriors
  A spatial maelstrom (Zig:3)
  4 goliath frogs
  6 sea snakes
  A salamander mystic (Snake:3)
  A flayed ghost (Crypt:2)
  4 death drakes
  A glowing orange brain (Depths:3)
  A glowing orange brain (shapeshifter) (Vaults:5)
  3 spriggan druids
  A spriggan rider (Swamp:3)
  7 swamp dragons
  15 deep trolls
  5 bog bodies
  5 deep elf archers
  7 harpies
  6 ironbound convokers
  5 lindwurms
  2 wizards
  3 phantasmal warriors (Vaults:5)
  7 mana vipers
  A deep elf zephyrmancer (Elf:3)
  6 naga ritualists
  An iron giant skeleton (Crypt:2)
  3 deep elf pyromancers
  5 necromancers (Crypt:3)
  4 orc knights
  A mana viper (shapeshifter) (Vaults:5)
  4 will-o-the-wisps
  2 cyclopes
  20 ugly things
  6 salamanders
  An iron dragon skeleton (Crypt:3)
  A moth of wrath (Snake:1)
  A faun (shapeshifter) (Depths:2)
  A black mamba (shapeshifter) (Vaults:1)
  An elephant (Lair:4)
  2 vault sentinels (Vaults:3)
  2 apis skeletons (Depths:3)
  19 black mambas
  A dire elephant zombie (Crypt:2)
  6 naga magi
  3 guardian serpents (Snake:4)
  4 smoke demons
  A guardian serpent (shapeshifter) (Depths:2)
  A cane toad (Lair:4)
  2 torpor snails
  A human zombie (Vaults:5)
  A sea snake zombie (Crypt:2)
  A komodo dragon (Lair:4)
  An unseen horror (D:12)
  7 yaktaurs
  2 freezing wraiths (Vaults:5)
  9 polar bears
  A queen bee (D:10)
  A bloated husk (Swamp:2)
  7 trolls
  17 slime creatures
  5 tyrant leeches
  10 hornets
  A raiju (Lair:5)
  4 blink frogs (Lair:1)
  5 dream sheep
  An air elemental (Elf:1)
  A shadow (D:9)
  2 wyverns
  15 spriggans
  2 water elementals
  3 wraiths
  14 yaks
  3 fire elementals
  A basilisk (D:12)
  2 hogs (Lair:4)
  A steam dragon (Volcano)
  4 vampire mosquitoes
  6 wargs
  7 swamp worms
  13 nagas
  12 water moccasins
  4 hell hounds (Lair:5)
  6 swamp drakes
  8 black bears (Lair:5)
  14 orc warriors
  An ice beast (D:6)
  6 ogres
  8 wolves
  A boggart (Vaults:4)
  A centaur (D:5)
  A bullfrog (Lair:4)
  A killer bee (D:10)
  A killer bee (shapeshifter) (Vaults:5)
  6 orc priests
  6 orc wizards
  A troll simulacrum (IceCv)
  A spriggan simulacrum (IceCv)
  A hound skeleton (Crypt:1)
  A howler monkey zombie (Crypt:2)
  An adder (D:5)
  A steam dragon zombie (Crypt:1)
  An iguana skeleton (Crypt:1)
  A lava snake skeleton (Crypt:2)
  A worm (D:4)
  A dart slug (D:5)
  22 orcs
  A goblin (D:2)
705 creatures vanquished.

Vanquished Creatures (others)
  Saint Roka (Depths:1)
  2 caustic shrikes (Depths:4)
  Rupert (D:13)
  An ancient champion (Crypt:1)
  3 sphinxes
  Gastronok (Lair:2)
  An acid blob (Crypt:3)
  A thorn hunter (Swamp:4)
  2 shadow dragons
  9 tengu reavers
  3 draconian monks (Zot:1)
  2 nagarajas
  2 deep elf sorcerers
  12 vault wardens
  3 storm dragons
  5 fire giants
  8 frost giants
  2 fenstrider witches
  A draconian knight (Depths:4)
  3 draconian scorchers (Zot:1)
  2 ghost moths
  17 ironbound preservers
  4 caustic shrike zombies (Depths:4)
  A draconian annihilator (Zot:1)
  3 war gargoyles (Crypt:3)
  6 very ugly things
  A broodmother (Crypt:3)
  A deep elf elementalist (Elf:3)
  A ghoul (Crypt:2)
  2 vampire knights
  2 spriggan defenders
  10 ironbound thunderhulks
  10 stone giants
  3 eleionomae
  A purple draconian (Zot:1)
  4 black draconians
  A deep elf annihilator (Elf:2)
  2 green draconians
  3 red draconians
  5 dire elephants (Vaults:2)
  2 spark wasps (Depths:1)
  2 white draconians
  3 bunyips
  A deep elf death mage (Vaults:3)
  A quicksilver dragon zombie (Vaults:5)
  2 very ugly thing zombies (Depths:2)
  6 yaktaur captains
  A shambling mangrove (Swamp:4)
  12 ettins
  2 entropy weavers
  11 fire dragons
  Josephine (Swamp:1)
  An entropy weaver (shapeshifter) (Depths:2)
  5 great orbs of eyes
  6 ice dragons
  12 hydras
  11 vault guards
  2 radroaches
  13 centaur warriors
  A salamander tyrant (Snake:3)
  4 spriggan air magi
  4 deep troll shamans
  A two-headed ogre (D:15)
  A catoblepas (Lair:4)
  4 boulder beetles
  A death knight (D:15)
  14 ironbound frosthearts
  5 anacondas
  An alligator (Swamp:4)
  A death yak (Lair:2)
  7 naga warriors
  A dancing weapon (Elf:2)
  A hell hog (Depths:4)
  12 deep troll earth magi
  4 tengu warriors
  9 deep elf knights
  7 naga sharpshooters
  2 titan zombies
  7 shock serpents
  5 spriggan berserkers
  A hell knight (Depths:2)
  An iron troll (Depths:1)
  3 storm dragon zombies
  3 salamander mystics
  A sun demon (Depths:4)
  4 skeletal warriors (Crypt:3)
  A fire crab (shapeshifter) (Depths:2)
  3 goliath frogs
  3 anaconda zombies
  A golden dragon zombie (Depths:4)
  A ghost moth zombie (Crypt:3)
  18 deep trolls
  5 spriggan riders
  2 bunyip zombies (Crypt:3)
  3 death drakes
  3 spriggan druids
  6 tengu zombies
  4 naga ritualists
  21 spriggan zombies
  7 wizards
  6 deep elf archers
  A sea snake (Snake:4)
  2 shadow dragon zombies (Depths:4)
  A bog body (Swamp:3)
  3 swamp dragons
  4 goliath frog zombies
  A flayed ghost (Depths:3)
  5 ugly thing zombies
  An orb spider (shapeshifter) (Vaults:4)
  7 harpies
  A phantasmal warrior (Vaults:5)
  2 sphinx zombies
  16 ironbound convokers
  7 orc knights
  8 ugly things
  7 lindwurms
  22 deep elf zephyrmancers
  A fire giant zombie (Depths:4)
  A mana viper (shapeshifter) (Vaults:5)
  3 frost giant zombies
  9 deep elf pyromancers
  4 draconian zombies (Zot:1)
  A broodmother zombie (Crypt:3)
  An eleionoma zombie (Swamp:1)
  3 stone giant zombies
  2 mana vipers
  3 orc sorcerers (Orc:2)
  5 cyclopes
  A salamander (shapeshifter) (Depths:2)
  9 centaur zombies
  A shock serpent zombie (Snake:4)
  7 moths of wrath
  An elephant (shapeshifter) (Depths:4)
  9 salamanders
  18 black mambas
  8 vault sentinels
  A guardian serpent (Snake:1)
  A smoke demon (Volcano)
  2 gargoyles
  10 naga magi
  3 torpor snails (Lair:5)
  4 cane toads
  4 rime drakes
  14 yaktaurs
  2 black draconian zombies (Zot:1)
  A red draconian zombie (Zot:1)
  2 white draconian zombies (Zot:1)
  A kobold demonologist (D:10)
  An orb spider zombie (Vaults:4)
  5 komodo dragons
  6 hydra zombies
  4 mana viper zombies
  An efreet (D:13)
  2 death drake zombies
  7 harpy zombies
  2 tengu conjurers
  2 bloated husks
  3 trolls
  3 polar bears
  A tyrant leech (Swamp:2)
  6 hornets
  2 guardian serpent zombies
  The ghost of p0werm0de the Chiller, an amateur PaIE of Elyvilon (D:5)
  3 great orb of eyes zombies
  4 slime creatures
  3 fire dragon zombies
  3 moth of wrath zombies
  7 blink frogs
  An alligator zombie (Swamp:4)
  7 ettin zombies
  A raiju (Lair:5)
  2 radroach zombies
  3 ice dragon zombies
  A dream sheep (Lair:2)
  A culicivora (shapeshifter) (D:13)
  40 human zombies
  4 spriggans
  2 tyrant leech zombies (Lair:5)
  15 black mamba zombies
  A wraith (D:11)
  2 wyverns
  17 slime creature zombies
  A hog (shapeshifter) (Depths:2)
  20 yaks
  A hog (Lair:4)
  2 steam dragons
  A redback (shapeshifter) (Depths:2)
  4 vampire mosquitoes
  4 salamander zombies
  2 swamp worms (Swamp:3)
  12 deep troll zombies
  21 nagas
  3 entropy weaver zombies
  3 cane toad zombies
  A two-headed ogre zombie (D:15)
  4 hell hounds (Lair:5)
  2 wargs
  3 water moccasins
  4 swamp drakes
  2 ice beasts
  18 orc warriors
  32 elf zombies
  A swamp dragon zombie (Crypt:1)
  A dream sheep zombie (Lair:2)
  3 hornet zombies
  6 blink frog zombies
  6 lindwurm zombies
  An elephant zombie (Depths:4)
  2 hog zombies (Lair:4)
  2 black bears (Lair:5)
  5 ogres
  7 wolves
  2 torpor snail zombies (Lair:5)
  A vampire mosquito zombie (D:12)
  A centaur (D:9)
  2 rime drake zombies (IceCv)
  3 komodo dragon zombies
  A kobold brigand (D:12)
  2 bullfrogs (Lair:5)
  16 yaktaur zombies
  A gnoll sergeant (D:12)
  A scorpion (D:5)
  5 water moccasin zombies
  A wyvern zombie (Lair:2)
  A hell hound zombie (Volcano)
  2 cyclops zombies
  21 naga zombies
  2 warg zombies (Orc:2)
  A polar bear zombie (Lair:4)
  2 troll zombies (Orc:2)
  4 yak zombies
  3 killer bees
  2 howler monkeys
  2 basilisk zombies
  A bullfrog zombie (Lair:5)
  6 orc priests
  A jelly (D:15)
  2 orc wizards
  5 killer bee zombies
  8 ogre zombies
  An ice beast zombie (IceCv)
  3 howler monkey zombies
  2 gnolls (D:12)
  A gnoll zombie (D:12)
  A steam dragon zombie (Volcano)
  3 swamp drake zombies
  A jelly zombie (D:15)
  A worm (D:4)
  22 orcs
  2 jackals
  3 kobolds
  A quokka (D:12)
  A frilled lizard (D:13)
  A frilled lizard zombie (D:13)
  A goblin zombie (D:12)
  A hobgoblin zombie (D:12)
  2 jackal zombies
  3 kobold zombies
  28 orc zombies
  A quokka zombie (D:12)
  A rat (D:13)
  A rat zombie (D:13)
  8 foxfires
  64 fungi
  133 plants
1367 creatures vanquished.

Grand Total: 3030 creatures vanquished

Notes
Turn   | Place    | Note
-------+----------+-------------------------------------------
     0 | D:1      | tilp the Mummy Necromancer began the quest for the Orb.
     0 | D:1      | Reached XP level 1. HP: 13/13 MP: 4/4
   351 | D:1      | Reached XP level 2. HP: 11/20 MP: 0/5
  1103 | D:2      | Reached skill level 1 in Fighting
  1210 | D:2      | Found an iron altar of Okawaru.
  1217 | D:2      | Gained mutation: You are in touch with the powers of death.
                  | [Mummy growth]
  1217 | D:2      | Reached XP level 3. HP: 26/26 MP: 4/7
  1284 | D:2      | Learned a level 3 spell: Vampiric Draining
  1909 | D:2      | Identified a scroll of acquirement
  1910 | D:2      | Acquired 1352 gold pieces
  2277 | D:3      | You fall into a shaft and drop 3 floors!
  2393 | D:6      | Found a staircase to the Ecumenical Temple.
  2395 | D:6      | Noticed an ice beast
  2475 | D:6      | Killed an ice beast
  2476 | D:6      | Reached skill level 5 in Necromancy
  2476 | D:6      | Reached XP level 4. HP: 34/34 MP: 8/8
  2476 | D:6      | Reached XP level 5. HP: 40/40 MP: 9/9
  2480 | Temple   | Entered the Ecumenical Temple
  2630 | Temple   | Became a worshipper of Kikubaaqudgha
  2706 | D:5      | Entered Level 5 of the Dungeon
  2717 | D:5      | Learned a level 4 spell: Animate Dead
  2901 | D:5      | Found a runed translucent gate.
  2907 | D:5      | Noticed p0werm0de's ghost (amateur PaIE)
  2909 | D:4      | Found a runed translucent door.
  2947 | D:4      | Noticed qborf's ghost (amateur DsBr)
  3001 | D:4      | Noticed Pargi
  3012 | D:4      | Killed Pargi
  3013 | D:4      | Reached XP level 6. HP: 28/48 MP: 0/10
  3291 | D:3      | Found Farhoe's Armour Shop.
  3533 | D:3      | Reached skill level 6 in Necromancy
  3715 | D:3      | Found a faded altar of an unknown god.
  3982 | D:3      | Bought a +0 pair of boots for 54 gold pieces
  4005 | D:4      | Reached * piety under Kikubaaqudgha
  4005 | D:4      | Received a gift from Kikubaaqudgha
  4220 | D:4      | Noticed Blork the orc
  4319 | D:4      | Found a runed translucent door.
  4726 | D:5      | Reached XP level 7. HP: 41/55 MP: 4/12
  4808 | D:5      | Found a runed translucent gate.
  4808 | D:5      | Found a runed translucent gate.
  5796 | D:5      | Learned a level 4 spell: Anguish
  5798 | D:5      | Learned a level 1 spell: Kiss of Death
  5840 | D:6      | Found a broken altar of Ashenzari.
  6175 | D:6      | Reached skill level 7 in Necromancy
  6285 | D:6      | Found a stormy altar of Qazlal.
  6364 | D:6      | Noticed a steam dragon
  6376 | D:6      | Reached skill level 1 in Hexes
  6901 | D:7      | Reached XP level 8. HP: 61/61 MP: 10/14
  6950 | D:7      | Reached skill level 5 in Fighting
  7192 | D:7      | Reached skill level 5 in Spellcasting
  7250 | D:7      | Noticed Pikel
  7252 | D:7      | Reached skill level 8 in Necromancy
  7514 | D:5      | Killed Pikel
  8043 | D:7      | Reached XP level 9. HP: 67/69 MP: 9/16
  8308 | D:7      | Reached skill level 1 in Evocations
  8548 | D:7      | Noticed Maggie
  9129 | D:8      | Found Jyekh's Antique Weapon Shop.
  9138 | D:8      | Found Miusm's Antique Weapon Emporium.
  9158 | D:8      | Reached ** piety under Kikubaaqudgha
  9328 | D:8      | Found Reuc's Antique Weapon Shoppe.
  9434 | D:8      | Found Ethusewk's Magic Scroll Boutique.
  9454 | D:8      | Found Nophiom's Antique Weapon Shop.
  9724 | D:8      | Bought a scroll of identify for 32 gold pieces
  9724 | D:8      | Bought a scroll of identify for 32 gold pieces
  9724 | D:8      | Bought a scroll of magic mapping for 120 gold pieces
  9726 | D:8      | Bought a scroll of teleportation for 48 gold pieces
  9726 | D:8      | Bought a scroll of teleportation for 48 gold pieces
  9726 | D:8      | Bought a scroll of teleportation for 48 gold pieces
  9726 | D:8      | Bought a scroll of teleportation for 48 gold pieces
  9726 | D:8      | Bought a scroll of summoning for 152 gold pieces
  9852 | D:9      | Found Emnunauqyt's Assorted Antiques.
  9860 | D:9      | Bought a box of beasts for 880 gold pieces
  9860 | D:9      | Bought a scroll of enchant armour for 165 gold pieces
 10428 | D:9      | Found a radiant altar of Vehumet.
 10482 | D:9      | Reached skill level 9 in Necromancy
 10885 | D:9      | Reached skill level 5 in Hexes
 10890 | D:9      | Reached XP level 10. HP: 49/77 MP: 15/19
 11310 | D:10     | Entered Level 10 of the Dungeon
 11334 | D:10     | Noticed a red ugly thing
 11343 | D:10     | Killed a red ugly thing
 11557 | D:10     | Found a staircase to the Lair.
 11655 | D:10     | Noticed a two-headed ogre
 11665 | D:10     | Killed a two-headed ogre
 11666 | D:10     | Reached skill level 10 in Necromancy
 12015 | D:10     | Found a transporter.
 12017 | D:10     | Found a transporter.
 12038 | D:10     | Noticed Flugkiller's ghost (journeyman SpWn)
 12205 | D:10     | Found a shadowy altar of Dithmenos.
 12589 | D:11     | Found a frozen archway.
 12821 | IceCv    | Entered an ice cave
 13089 | D:11     | Reached XP level 11. HP: 55/86 MP: 4/21
 13096 | D:11     | Reached *** piety under Kikubaaqudgha
 13096 | D:11     | Received a gift from Kikubaaqudgha
 13770 | D:11     | Found a hide-covered altar of Uskayaw.
 13935 | D:11     | Learned a level 4 spell: Dispel Undead
 14461 | D:11     | Found Xushriuw's Weapon Boutique.
 14964 | D:11     | Learned a level 5 spell: Borgnjor's Vile Clutch
 15095 | D:4      | Killed qborf's ghost
 15206 | D:4      | Killed Blork the orc
 15286 | D:4      | Noticed Menkaure
 15287 | D:4      | Killed Menkaure
 15379 | D:5      | Killed p0werm0de's ghost
 15581 | Lair:1   | Entered Level 1 of the Lair of Beasts
 15660 | Lair:1   | Reached skill level 1 in Earth Magic
 16127 | Lair:1   | Reached skill level 11 in Necromancy
 16301 | Lair:1   | Reached skill level 5 in Dodging
 16304 | Lair:1   | Reached **** piety under Kikubaaqudgha
 16316 | Lair:1   | Reached skill level 5 in Evocations
 16810 | Lair:1   | Identified the +2 helmet of the Elven Halls {rN+ Regen+
                  | Str-4}
 16938 | Lair:1   | Reached XP level 12. HP: 80/90 MP: 6/24
 17293 | Lair:1   | Learned a level 6 spell: Death Channel
 17314 | Lair:2   | Found a staircase to the Swamp.
 17681 | Lair:2   | Noticed Gastronok
 17691 | Lair:2   | Killed Gastronok
 17718 | Lair:2   | Noticed a death yak
 17721 | Lair:2   | Noticed a death yak
 17722 | Lair:2   | Noticed a death yak
 17807 | Lair:2   | Killed a death yak
 18008 | Lair:2   | Noticed a boulder beetle
 18019 | Lair:2   | Killed a boulder beetle
 18142 | Lair:2   | Found a staircase to the Snake Pit.
 18530 | Lair:2   | Killed a death yak
 18531 | Lair:2   | Reached skill level 12 in Necromancy
 18532 | Lair:2   | Killed a death yak
 18818 | Lair:3   | Noticed a seven-headed hydra
 18825 | Lair:3   | Killed a seven-headed hydra
 19257 | Lair:3   | Reached skill level 5 in Earth Magic
 20012 | Lair:4   | Reached skill level 10 in Fighting
 20158 | Lair:4   | Found a burning altar of Makhleb.
 20177 | Lair:4   | Gained mutation: You are strongly in touch with the powers
                  | of death. [Mummy growth]
 20177 | Lair:4   | Reached XP level 13. HP: 103/103 MP: 0/26
 20403 | Lair:4   | Found a staircase to the Slime Pits.
 20412 | Lair:4   | Reached skill level 1 in Armour
 20595 | Lair:4   | Noticed Kirke
 20620 | Lair:4   | Killed Kirke
 20651 | Lair:4   | Reached ***** piety under Kikubaaqudgha
 21192 | Lair:5   | Entered Level 5 of the Lair of Beasts
 21264 | Lair:5   | Found a dark tunnel.
 21360 | Volcano  | Entered a volcano
 21891 | Volcano  | Noticed a fire dragon
 21898 | Volcano  | Killed a fire dragon
 22901 | Lair:5   | Found a runed translucent door.
 23003 | Lair:5   | Reached skill level 13 in Necromancy
 23192 | Lair:5   | Reached skill level 10 in Spellcasting
 23653 | Lair:5   | Reached XP level 14. HP: 109/111 MP: 3/28
 23717 | Lair:5   | Reached ****** piety under Kikubaaqudgha
 24488 | Lair:5   | Received a gift from Kikubaaqudgha
 24648 | D:10     | Killed Flugkiller's ghost
 24889 | D:12     | Identified the +1 ring mail "Kugioll" {Str+4 Int+5}
 25478 | D:12     | Noticed a frost giant
 26285 | D:12     | Found a staircase to the Orcish Mines.
 26544 | D:12     | Noticed Lodul
 26747 | D:12     | Killed a frost giant
 27386 | D:12     | Killed Lodul
 28251 | D:12     | Noticed a frost giant
 28433 | D:12     | Killed a frost giant
 28688 | Orc:1    | Entered Level 1 of the Orcish Mines
 29364 | Orc:2    | Entered Level 2 of the Orcish Mines
 29387 | Orc:2    | Found Tetosiv's Antique Weapon Shoppe.
 29394 | Orc:2    | Reached skill level 14 in Necromancy
 29630 | Orc:2    | Found a staircase to the Elven Halls.
 29660 | Orc:2    | Found Niclokhle's Antique Armour Boutique.
 29827 | Orc:2    | Reached XP level 15. HP: 119/119 MP: 4/30
 29928 | Orc:2    | Found a runed translucent door.
 29985 | Orc:2    | Found Feimogui's General Store.
 30064 | Orc:2    | Noticed QuickerDeath's ghost (journeyman DgIE)
 30318 | Orc:2    | Found Saorphepi's Jewellery Shop.
 30909 | Orc:2    | Bought the ring of the Townfolk {rF++ Str+6 Int+6 Dex-2}
                  | for 964 gold pieces
 30952 | Orc:2    | Bought a distressingly furry troll leather armour for 520
                  | gold pieces
 30952 | Orc:2    | Identified the +4 troll leather armour "Qulaqifef" {Regen+
                  | Stlth+} (You bought it in a shop on level 2 of the Orcish
                  | Mines)
 31016 | Orc:2    | Learned a level 6 spell: Simulacrum
 31408 | D:13     | Found a gateway to a bazaar.
 31514 | Bazaar   | Entered a bazaar
 31520 | Bazaar   | Found Pubodunu's Jewellery Shop.
 31520 | Bazaar   | Found Zooch's Book Boutique.
 31551 | D:13     | Noticed Rupert
 31562 | D:13     | Killed Rupert
 31696 | D:13     | Reached skill level 1 in Ice Magic
 31808 | D:13     | Acquired a staff of death
 32069 | D:13     | Noticed Urug
 32072 | D:13     | Killed Urug
 32609 | D:14     | Reached skill level 1 in Staves
 32710 | D:14     | Found a gate to the Vaults.
 32718 | D:14     | Reached skill level 15 in Necromancy
 32874 | D:14     | Noticed Nessos
 32885 | D:14     | Killed Nessos
 33238 | D:14     | Identified the ring "Inaxom" {AC+4 Str+2}
 33342 | D:14     | Identified the +1 pair of gloves "Sevugag" {rElec Int+2
                  | SInv}
 33466 | D:14     | Reached skill level 5 in Ice Magic
 33466 | D:14     | Reached XP level 16. HP: 112/127 MP: 11/31
 33740 | D:15     | Entered Level 15 of the Dungeon
 33756 | D:15     | Reached skill level 5 in Staves
 34368 | D:15     | Found a staircase to the Depths.
 35112 | D:15     | Found a blossoming altar of Fedhas.
 35515 | D:7      | Killed Maggie
 35793 | Orc:2    | Killed QuickerDeath's ghost
 35936 | Snake:1  | Entered Level 1 of the Snake Pit
 36481 | Snake:1  | Found Sionwen's Armour Shoppe.
 36564 | Snake:1  | Noticed Flugkiller's ghost (adept OgRe)
 36573 | Snake:1  | Found a bloodstained altar of Trog.
 36593 | Snake:1  | Found a transporter.
 36681 | Snake:1  | Found a transporter.
 37052 | Snake:1  | Found a runed translucent gate.
 37052 | Snake:1  | Found a runed translucent gate.
 37053 | Snake:1  | Found a runed translucent gate.
 37059 | Snake:1  | Reached skill level 1 in Shields
 38323 | Snake:2  | Upgraded the game from 0.30-a0-159-g068b764562 to
                  | 0.30-a0-165-g1891117ce2
 38385 | Snake:3  | Reached XP level 17. HP: 131/132 MP: 5/32
 38573 | Snake:3  | Noticed Vashnia
 38604 | Snake:3  | Noticed Agnes
 38616 | Snake:3  | Killed Agnes
 38651 | Snake:3  | Your ally Agnes died
 38834 | Snake:3  | Killed Vashnia
 39105 | Snake:3  | Noticed Roxanne
 39115 | Snake:3  | Killed Roxanne
 39654 | Orc:2    | Bought a glowing robe for 96 gold pieces
 39654 | Orc:2    | Bought a glowing hat for 182 gold pieces
 39654 | Orc:2    | Bought a glowing cloak for 195 gold pieces
 39772 | Swamp:1  | Entered Level 1 of the Swamp
 40281 | Swamp:1  | Noticed Josephine
 40286 | Swamp:1  | Killed Josephine
 41178 | Swamp:2  | Reached skill level 5 in Stealth
 41812 | Swamp:2  | Identified the +3 ring mail of Icurirgh {Str+5 Dex+2}
 41944 | Swamp:3  | Noticed Mara
 41951 | Swamp:3  | Killed Mara
 41961 | Swamp:3  | Reached skill level 5 in Shields
 41980 | Swamp:3  | Reached skill level 5 in Armour
 42561 | Swamp:4  | Entered Level 4 of the Swamp
 42572 | Swamp:4  | Reached XP level 18. HP: 141/141 MP: 10/33
 43815 | Swamp:4  | Upgraded the game from 0.30-a0-165-g1891117ce2 to
                  | 0.30-a0-170-g85af917532
 43830 | Swamp:4  | Reached skill level 16 in Necromancy
 43870 | Swamp:4  | Noticed a tentacled monstrosity
 43876 | Swamp:4  | Killed a tentacled monstrosity
 44117 | Swamp:4  | Identified the +4 shortbow of the Building King {flame, rC+
                  | rN+ Str+3}
 44155 | Swamp:4  | Got a decaying rune of Zot
 44418 | Snake:1  | Killed Flugkiller's ghost
 44558 | Snake:1  | Identified the ring of Renkaff {Ice Str+2 Int+4 Dex+3}
 44787 | Orc:2    | Bought an amulet of regeneration for 420 gold pieces
 44805 | Orc:2    | Learned a level 7 spell: Haunt
 45010 | Snake:4  | Entered Level 4 of the Snake Pit
 45455 | Snake:4  | Reached skill level 1 in Summonings
 45480 | Snake:4  | Reached skill level 10 in Staves
 45737 | Snake:4  | Upgraded the game from 0.30-a0-170-g85af917532 to
                  | 0.30-a0-172-gc5509c9e31
 46447 | Snake:4  | Got a serpentine rune of Zot
 46718 | Elf:1    | Entered Level 1 of the Elven Halls
 47117 | Elf:1    | Reached XP level 19. HP: 149/149 MP: 12/35
 47440 | Elf:1    | Got the Folio of Beckoning
 47733 | Elf:1    | Paralysed by an air elemental for 1 turns
 47765 | Elf:1    | Paralysed by an air elemental for 1 turns
 47768 | Elf:1    | Paralysed by an air elemental for 1 turns
 47771 | Elf:1    | Paralysed by an air elemental for 1 turns
 49109 | Elf:2    | Paralysed by an air elemental for 1 turns
 49278 | Elf:2    | Found a runed translucent door.
 49324 | Elf:2    | Found a runed translucent door.
 49760 | Vaults:1 | Entered Level 1 of the Vaults
 49782 | Vaults:1 | Reached skill level 17 in Necromancy
 50273 | Vaults:1 | Found Wumurow's Book Emporium.
 50325 | Vaults:1 | Found Aklaid's Antique Armour Emporium.
 50392 | Vaults:1 | Identified the +5 whip of the Hidden Vale {antimagic, rF+
                  | rC+ Str-4 Int+5}
 50861 | Vaults:1 | Found Hiptaaps's Distillery.
 51050 | Vaults:1 | Found Salaf's Distillery.
 51789 | Vaults:1 | Identified the +0 trident "Onniled" {flame, SInv}
 51889 | Vaults:2 | You fall into a shaft and drop 2 floors!
 52080 | Vaults:3 | Reached XP level 20. HP: 158/158 MP: 15/37
 52120 | Vaults:3 | Reached skill level 10 in Evocations
 52186 | Vaults:3 | Reached skill level 10 in Dodging
 52927 | Vaults:2 | Reached skill level 18 in Necromancy
 53030 | Vaults:2 | Reached skill level 5 in Summonings
 54026 | Vaults:2 | Noticed Xtahua
 54039 | Vaults:2 | Killed Xtahua
 54599 | Vaults:2 | Found a staircase to the Crypt.
 54625 | Vaults:2 | Reached skill level 15 in Fighting
 55370 | Vaults:3 | Upgraded the game from 0.30-a0-172-gc5509c9e31 to
                  | 0.30-a0-177-g1cb5dbfd7a
 56280 | Vaults:3 | Found Wiost's Book Shoppe.
 57043 | Vaults:4 | Reached XP level 21. HP: 149/168 MP: 31/38
 57927 | Vaults:4 | Noticed Sojobo
 57938 | Vaults:4 | Killed Sojobo
 58365 | Vaults:4 | Found Uhuehomigu's Distillery.
 58575 | Depths:1 | Entered Level 1 of the Depths
 58944 | Depths:1 | Found a transporter.
 59002 | Depths:1 | Found a transporter.
 59004 | Depths:1 | Found a transporter.
 59008 | Depths:1 | Found a transporter.
 59442 | Depths:1 | Found a gateway to Hell.
 59972 | Depths:1 | Noticed Saint Roka
 59979 | Depths:1 | Killed Saint Roka
 60712 | Depths:2 | Noticed Nikola
 60718 | Depths:2 | Noticed Vv
 60719 | Depths:2 | Killed Nikola
 60728 | Depths:2 | Killed Vv
 60731 | Depths:2 | Found a one-way gate leading to the halls of Pandemonium.
 60873 | Depths:2 | Noticed Aizul
 60883 | Depths:2 | Killed Aizul
 61029 | Depths:2 | Found Neunten's Antique Armour Shop.
 61070 | Depths:2 | Bought a pair of spiked gloves for 380 gold pieces
 61070 | Depths:2 | Identified the +1 pair of gloves of the Baker {rElec Str-3
                  | Int+4 Stlth+} (You bought it in a shop on level 2 of the
                  | Depths)
 61070 | Depths:2 | Bought a shiny buckler for 300 gold pieces
 61070 | Depths:2 | Bought a heavily jewelled robe for 228 gold pieces
 61070 | Depths:2 | Identified the +1 robe "Woshran" {rPois rF- Int+5 Dex+2}
                  | (You bought it in a shop on level 2 of the Depths)
 61237 | Depths:2 | Reached skill level 19 in Necromancy
 62295 | Depths:2 | Reached XP level 22. HP: 140/177 MP: 26/40
 62296 | Depths:2 | Found the +15 Maxwell's patent armour {-Cast -Tele rElec
                  | Will+ rCorr}
 62346 | Depths:2 | Identified the +6 falchion of the Tomato {flame, rPois rF-
                  | Will++ MP-9}
 62349 | Depths:2 | Identified the +0 swamp dragon scales of Disaster {Harm
                  | Drain rPois rC+ Str+8}
 62354 | Depths:2 | Identified the +8 broad axe "Keuplom" {spect, *Corrode
                  | Str+4 Dex+2}
 62355 | Depths:2 | Identified the ring "Rirescha" {Will+ rCorr Int-3 Dex+2}
 62807 | Depths:3 | Learned a level 8 spell: Infestation
 63114 | Depths:3 | Found a one-way gate to the infinite horrors of the Abyss.
 63164 | Depths:3 | Noticed a golden dragon
 63171 | Depths:3 | Killed a golden dragon
 63444 | Depths:3 | Found a basalt altar of Yredelemnul.
 63658 | Depths:3 | Identified the +6 falchion of Qaak {protect, Stlth+}
 64787 | Depths:3 | Found an iron altar of Okawaru.
 65137 | Crypt:1  | Entered Level 1 of the Crypt
 67652 | Crypt:2  | Upgraded the game from 0.30-a0-177-g1cb5dbfd7a to
                  | 0.30-a0-187-gd9c2deaf24
 67686 | Crypt:3  | Entered Level 3 of the Crypt
 68059 | Crypt:3  | Reached skill level 15 in Spellcasting
 68351 | Crypt:3  | Reached skill level 20 in Necromancy
 68506 | Crypt:3  | Found a staircase to the Tomb.
 68518 | Crypt:3  | Identified the amulet "Seigidghu" {Reflect rF+ SH+5}
 68944 | Crypt:3  | Reached XP level 23. HP: 185/185 MP: 32/42
 69056 | Crypt:3  | Reached skill level 10 in Summonings
 69488 | Crypt:3  | Noticed a dread lich
 69504 | Crypt:3  | Killed a dread lich
 69730 | Crypt:3  | Found an ancient bone altar of Kikubaaqudgha.
 69731 | Crypt:3  | Identified the ring "Anlaovus" {rPois rF- rN+ Dex+5 SInv}
 69764 | Crypt:3  | Identified the ring "Vahyadoi" {+Blink rPois rC- rN+ rCorr}
 70168 | Elf:3    | Entered Level 3 of the Elven Halls
 70424 | Elf:3    | Noticed Donald
 70431 | Elf:3    | Killed Donald
 71614 | Elf:3    | Identified the amulet of Rissiadu {Reflect rElec rC+ Int+3
                  | Dex-2 SH+5}
 71619 | Elf:3    | Identified the +1 buckler of Restlessness {rC+}
 71619 | Elf:3    | Identified the ring "Enaschiu" {rF- rCorr Int+6 Dex+4}
 72179 | Elf:3    | Got the Compendium of the Wind
 72182 | Elf:3    | Got the Textbook on Scorching Wanderlust
 72192 | Elf:3    | Learned a level 2 spell: Blink
 72550 | Depths:4 | Entered Level 4 of the Depths
 72550 | Depths:4 | Noticed a caustic shrike
 72550 | Depths:4 | Noticed a caustic shrike
 72550 | Depths:4 | Noticed a caustic shrike
 72550 | Depths:4 | Found a one-way gateway to a ziggurat.
 72624 | Depths:4 | Reached skill level 1 in Translocations
 72662 | Depths:4 | Killed a caustic shrike
 72678 | Depths:4 | Found a corrupted altar of Lugonu.
 72684 | Depths:4 | Noticed a caustic shrike
 72697 | Depths:4 | Killed a caustic shrike
 72698 | Depths:4 | Killed a caustic shrike
 72699 | Depths:4 | Reached skill level 10 in Earth Magic
 72699 | Depths:4 | Killed a caustic shrike
 72700 | Depths:4 | Reached skill level 10 in Ice Magic
 73122 | Depths:4 | Found Sum Maixt's Magic Scroll Shoppe.
 73130 | Depths:4 | Bought a scroll of fog for 80 gold pieces
 73130 | Depths:4 | Bought a scroll of fear for 80 gold pieces
 73130 | Depths:4 | Bought a scroll of silence for 190 gold pieces
 73534 | Depths:4 | Reached XP level 24. HP: 197/197 MP: 36/42
 73882 | Depths:4 | Identified the +6 rapier "Xiqiuvom" {spect, Fly rElec}
 73906 | Depths:4 | Found a gate to the Realm of Zot.
 74044 | Depths:4 | Identified the +11 arbalest "Jesmej" {venom, rC++ rN+}
 74414 | Vaults:5 | Entered Level 5 of the Vaults
 74478 | Vaults:5 | Noticed an ancient lich
 74486 | Vaults:5 | Killed an ancient lich
 74496 | Vaults:5 | Identified the ring "Nacoumay" {rN++ AC+4}
 74500 | Vaults:5 | Found Wojef's Antique Weapon Emporium.
 75043 | Vaults:5 | Identified the +4 flail of the Uplifting Gods {venom, rPois
                  | rC- Will++ Int+4}
 75048 | Vaults:5 | Got the Monograph on Tainted Jinxing
 75051 | Vaults:5 | Identified the ring of Satisfaction {MP+9 Int+2}
 75150 | Vaults:5 | Noticed an ancient lich
 75159 | Vaults:5 | Killed an ancient lich
 75325 | Vaults:5 | Got a silver rune of Zot
 75737 | Vaults:5 | Reached XP level 25. HP: 206/206 MP: 41/43
 75967 | Vaults:5 | Got the Quarto of Vile Conduction
 76070 | Vaults:5 | Identified the +0 scale mail of Going Fast {rN+ Slay+5}
 76130 | Vaults:5 | Identified the +6 scale mail of Inevitability {rPois Int+3
                  | Stlth+}
 76351 | Vaults:5 | Noticed a dread lich
 76356 | Vaults:5 | Killed a dread lich
 76812 | Zig:1    | Entered Level 1 of a ziggurat
 76834 | Zig:2    | Entered Level 2 of a ziggurat
 76861 | Zig:2    | Identified the ring of Greater Demons {Str+2 Dex+2 SInv}
 76864 | Zig:3    | Entered Level 3 of a ziggurat
 76978 | Zot:1    | Entered Level 1 of the Realm of Zot
 77034 | Zot:1    | Reached skill level 10 in Hexes
 77072 | Zot:1    | Noticed an orb of fire
 77081 | Zot:1    | HP: 2/206 [red draconian scorcher/searing blast[a yellow
                  | draconian annihilator] (14)]
 77088 | Zot:1    | Killed from afar by a storm dragon

Illustrated notes

Levels and vault maps discovered:
D:1:      ncdulo_smallfort, layout_loops_ring, chequers_serial_rivers_room_b
D:2:      layout_basic, basic_altar
D:3:      layout_loops_cross, hellmonk_ecumenical_altar_zigzags, serial_shops,
          shop, minmay_misc_feat_iff
D:4:      layout_gridville, ebering_ghost_sewer_f, st_stairs_9, uniq_menkaure,
          uniq_blork_the_orc, uniq_pargi
D:5:      layout_loops_corners, gammafunk_ghost_split
D:6:      layout_gridville, nicolae_qazlal_scattered_showers, lemuel_tele_altar,
          minmay_temple_entry_mist
D:7:      layout_basic, uniq_maggie, uniq_pikel
D:8:      layout_cave_pools, serial_shops, nicolae_inconvenience_store,
          nicolae_shop_overgrown_old_shop, shop, nicolae_stop_n_shop_1,
          shop_fountains, minivault_1
D:9:      layout_cross, vehumet_altar_wand_db, serial_shops, shop_statue,
          chequers_serial_rivers_small_3, minmay_fractal_squares_gapless_5
D:10:     layout_cave_pools, lemuel_doored_altar, lair_entry_dummy,
          gammafunk_ghost_hive
D:11:     layout_basic, serial_shops, kennysheep_little_box,
          portal_ice_cave_rime, nicolae_water_bricks,
          nicolae_uskayaw_dance_studio
D:12:     minmay_the_grid_4x2 [minmay_the_grid_plusring,
          minmay_the_grid_broken_lines, minmay_the_grid_minigrid_small,
          minmay_the_grid_x, minmay_the_grid_small_cups, minmay_the_grid_tree,
          minmay_the_grid_eight, minmay_the_grid_prize_diamond_cup],
          layout_loops_ring, erik_orc_1, uniq_lodul
D:13:     layout_roguey, serial_shops, statue_bzr, uniq_urug, uniq_rupert
D:14:     layout_roguey, lightli_vaults_fourway_checkpoint, minivault_24,
          minmay_orc_keep, uniq_nessos
D:15:     grunt_enter_depths_snipers, layout_grid_maze, fedhas_altar_fruit_tree,
          minmay_diced_spiral
Temple:   nicolae_temple_bog_church
Lair:1:   layout_loops_ring
Lair:2:   layout_roguey, swamp_mist, dummy_snake_entry, uniq_gastronok
Lair:3:   layout_cave_shapes, grunt_megastairs_5, lemuel_fruit_fields
Lair:4:   layout_long_grid, slime_entry_1, basic_altar, uniq_kirke
Lair:5:   wormcave, layout_loops_ring, hangedman_lair_caniforms_friends,
          nicolae_volcano_entry_two_sided, grunt_megastairs_1
Swamp:1:  layout_falls_marsh, nicolae_swamp_tree_designs, uniq_josephine
Swamp:2:  layout_basic_swamp, hangedman_swamp_lotus
Swamp:3:  layout_basic_swamp, infiniplex_staircase_pool_2, swamp_pool5,
          uniq_mara
Swamp:4:  swamp_basic_johnstein, layout_basic_swamp
Snake:1:  nicolae_snakescales, layout_onion_interference,
          gammafunk_ghost_wrathful_warriors, serial_shops, shop,
          nicolae_snake_horde_hoard
Snake:2:  layout_grid_shapes, serial_bayou_pond_b
Snake:3:  layout_misc_corridors, uniq_roxanne, uniq_vashnia, uniq_agnes
Snake:4:  grunt_snake_rune_pools, layout_cave_town, basic_altar,
          serial_bayou_lagoon_a
Orc:1:    layout_caves
Orc:2:    grunt_orc_gardens, layout_caves, grunt_orc_garden, grunt_orc_garden,
          grunt_orc_garden, grunt_orc_garden, ebering_ghost_inner_flame
Elf:1:    eino_elf_arrival_sip, layout_geoelf_grid, minmay_elf_demonology
Elf:2:    nicolae_elf_blades_splatter_lattice
          [nicolae_blade_entry_splitting_headache], layout_geoelf_grid
Elf:3:    minmay_elf_hall_dome, layout_gridlike, uniq_donald
Vaults:1: vaults_room_fancy_cross, nicolae_vaults_network_quincunx
          [nicolae_vaults_network_quincunx_subvault,
          nicolae_vaults_network_quincunx_subvault,
          nicolae_vaults_network_quincunx_subvault,
          nicolae_vaults_network_quincunx_subvault,
          nicolae_vaults_network_quincunx_subvault], ontoclasm_vaults_eye,
          vaults_room_ringed_pool, st_smaller_cells, v_alt_pattern_1,
          vaults_mumra_lcd, grunt_vaults_bifocal, vaults_room_large_hall,
          nicolae_vaults_three_branches, layout_vaults_maze, serial_shops, shop,
          shop_coins, shop, nicolae_diamond_shop
Vaults:2: nicolae_vaults_stairing_the_circle, minmay_crypt_entry_simple_round,
          v_alt_pattern_1, nicolae_vaults_circle_grid_a,
          ontoclasm_vaults_claustrophobia, nicolae_vaults_hallways_thing,
          nicolae_vaults_mini_display_case, nicolae_vaults_network_star,
          special_room_vaults [special_room_orc], v_misc_5,
          nicolae_vaults_network_s, grunt_vaults_hallway_long, vaults_dpeg_ring,
          vaults_dpeg_encased_lava, serial_ice_b, layout_vaults_ring,
          uniq_xtahua
Vaults:3: vaults_room_fancy_cross, st_quartered_hall, v_alt_pattern_4,
          vaults_mumra_hex, v_pattern_3, v_misc_8,
          nicolae_vaults_little_squares_5, v_misc_2, hangedman_vaults_maws,
          v_misc_27, nicolae_vaults_little_squares_5, layout_vaults_omnicross,
          serial_shops, shop
Vaults:4: v_misc_2, nicolae_vaults_network_periphery, sword_in_stone,
          v_pattern_1, ontoclasm_vaults_ring_square,
          hangedman_vaults_river_flow, ontoclasm_vaults_decontamination,
          nicolae_vaults_little_squares_2, nicolae_vaults_sealed_display,
          vaults_room_fours, ontoclasm_vaults_pinch,
          hangedman_vaults_stretched_pinwheel, vaults_dpeg_spiral, serial_ice_b,
          layout_vaults_omnibox, serial_shops, nicolae_diamond_shop
Vaults:5: serial_shops
Crypt:1:  layout_misc_corridors
Crypt:2:  layout_catacombs, grunt_megastairs_2, roderic_lattice_octagonal_star
Crypt:3:  cryptofortress_bobbens
Depths:1: layout_honeycomb, hell_entry, serial_sigils_hangedman_scratch,
          nicolae_transporter_circle, uniq_saint_roka
Depths:2: vault_1, layout_gridlike, kennysheep_minor_cross,
          hangedman_geh_valley, pan_entry, minmay_shop_star, uniq_nikola,
          uniq_vv, uniq_aizul
Depths:3: evilmike_horseshoe, layout_gridlike, abyss_entry, serial_bayou,
          serial_bayou_shore_b, serial_bayou_pond_e, serial_bayou_ford_a,
          serial_bayou_shore_b, hell_entry, okawaru_gym_becter,
          hangedman_blasphemy, serial_bayou_shore_b
Depths:4: lemuel_castle_with_subvaults [lemuel_castle_interior_carwin_1],
          layout_small_grid, enter_ziggurat_e, abyss_entry_flame_altar,
          serial_shops, shop, hellmouth_3, chequers_serial_rivers_room_a,
          uniq_sojobo
Zot:1:    layout_concentric_octagons, hangedman_spider_trapstep,
          grunt_megastairs_3

Skill      XL: |  1  2  3  4  5  6  7  8  9 10 11 12 13 14 15 16 17 18 19 20 21 22 23 24 25 |
---------------+----------------------------------------------------------------------------+-----
Fighting       | 1 2 3 4 6 8 9 10 11 12 13 15 16 18 | 18.9
Stealth        | 2 4 5 6 |  6.0
Spellcasting   | 3 4 5 6 7 8 9 10 11 12 13 14 15 16 | 16.7
Dodging        | 2 3 4 5 6 7 8 9 10 11 12 13 | 13.2
Necromancy     | 5 6 7 8 9 10 11 12 13 14 15 16 17 18 19 20 | 20.8
Hexes          | 1 4 5 6 7 8 9 10 | 10.0
Evocations     | 2 4 5 6 7 8 9 10 11 12 13 | 13.1
Earth Magic    | 3 6 7 8 10 | 10.0
Armour         | 2 4 5 6 7 8 9 |  9.8
Ice Magic      | 5 8 10 | 10.0
Staves         | 4 8 9 10 11 12 | 12.0
Shields        | 4 5 6 |  6.0
Summonings     | 2 4 8 9 10 | 10.0
Translocations | 4 |  4.0

Action                   |  1- 3 |  4- 6 |  7- 9 | 10-12 | 13-15 | 16-18 | 19-21 | 22-24 | 25-27 || total
-------------------------+-------+-------+-------+-------+-------+-------+-------+-------+-------++-------
Melee: Whip              |     3 |     5 |       |       |       |       |       |       |       ||     8
       Dagger            |       |    31 |   226 |   444 |   689 |       |       |       |       ||  1390
       Flail             |       |     4 |       |       |       |       |       |       |       ||     4
       Punch             |       |     1 |     5 |    10 |    13 |     1 |       |       |       ||    30
       Staff             |       |       |       |       |    39 |   255 |   560 |   521 |    53 ||  1428
Throw: Dart              |       |     3 |     5 |       |     1 |       |     1 |       |       ||    10
       Stone             |       |     4 |       |       |       |       |       |       |       ||     4
 Cast: Necrotise         |    51 |    62 |    24 |     6 |       |       |       |       |       ||   143
       Vampiric Draining |       |     8 |    70 |    80 |    66 |       |     7 |       |     3 ||   234
       Anguish           |       |       |    12 |    76 |   145 |   154 |   144 |   149 |    15 ||   695
       Animate Dead      |       |       |     2 |    16 |    21 |    19 |    14 |    14 |     2 ||    88
       Kiss of Death     |       |       |       |     3 |     4 |     1 |       |       |       ||     8
       Dispel Undead     |       |       |       |     7 |     1 |     5 |     2 |   104 |     1 ||   120
       Borgnjor's Vile C |       |       |       |    17 |   122 |   114 |   166 |   186 |    14 ||   619
       Death Channel     |       |       |       |       |    21 |    37 |    46 |    30 |     2 ||   136
       Simulacrum        |       |       |       |       |       |     1 |    11 |    11 |     4 ||    27
       Haunt             |       |       |       |       |       |       |     5 |    16 |     5 ||    26
       Infestation       |       |       |       |       |       |       |       |    23 |     3 ||    26
Invok: Unearth Wretches  |       |       |       |     6 |    12 |    28 |    23 |    22 |     5 ||    96
       Receive Forbidden |       |       |       |       |     1 |       |       |       |       ||     1
       Torment           |       |       |       |       |       |       |     1 |       |       ||     1
Evoke: Box of beasts     |       |       |       |     2 |     4 |     2 |     3 |       |       ||    11
       Wand              |       |       |       |     1 |     9 |       |       |     2 |       ||    12
       Phial of floods   |       |       |       |     1 |     1 |       |       |       |       ||     2
       Lightning rod     |       |       |       |       |     7 |       |       |       |       ||     7
       Phantom mirror    |       |       |       |       |     1 |     2 |     2 |       |       ||     5
       Condenser vane    |       |       |       |       |       |       |     2 |     2 |     2 ||     6
  Use: Scroll            |     6 |     3 |     8 |     4 |     3 |     1 |    15 |     4 |     6 ||    50
 Stab: Sleeping          |     1 |       |     3 |     3 |       |     1 |     6 |     2 |     1 ||    17
       Distracted        |       |       |     1 |     2 |     6 |     4 |     6 |    14 |     3 ||    36
       Paralysed         |       |       |       |       |     3 |       |     3 |     1 |       ||     7
       Confused          |       |       |       |       |     1 |       |       |       |       ||     1
       Fleeing           |       |       |       |       |       |       |       |       |     1 ||     1
Armor: Robe              |     5 |     7 |       |       |       |       |       |       |       ||    12
       Leather armour    |       |     5 |   118 |   168 |    35 |       |       |       |       ||   326
       Steam dragon scal |       |       |       |       |   162 |       |       |       |       ||   162
       Ring mail         |       |       |       |       |   154 |       |       |       |       ||   154
       Troll leather arm |       |       |       |       |    26 |   238 |   317 |   277 |    39 ||   897
Dodge: Dodged            |     6 |    27 |   194 |   399 |   703 |   284 |   386 |   314 |    37 ||  2350
Block: Buckler           |       |       |       |       |       |    82 |   178 |   197 |    15 ||   472

Table legend: (Time is in decaauts)
 A = Elapsed time spent in this place.
 B = Non-inter-level travel time spent in this place.
 C = Inter-level travel time spent in this place.
 D = Time resting spent in this place.
 E = Time spent auto-exploring this place.
 F = Levels seen in this place.
 G = Mean time per level.
                   A        B        C        D        E       F      G
               +--------+--------+--------+--------+--------+-----+--------+
         Total |  76706 |  69658 |   7048 |   7849 |  48522 |  53 | 1447.3 |
       Dungeon |  25431 |  22355 |   3076 |   3145 |  15916 |  15 | 1695.4 |
        Temple |    161 |    139 |     22 |      0 |    124 |   1 |  161.0 |
          Lair |   8553 |   7846 |    707 |    455 |   6051 |   5 | 1710.6 |
         Swamp |   4811 |   4511 |    300 |    605 |   3067 |   4 | 1202.8 |
     Snake Pit |   5590 |   4934 |    656 |    730 |   3139 |   4 | 1397.5 |
  Orcish Mines |   2576 |   2243 |    333 |      0 |   1823 |   2 | 1288.0 |
   Elven Halls |   5088 |   4898 |    190 |    707 |   3334 |   3 | 1696.0 |
        Vaults |  10765 |   9835 |    930 |    815 |   6443 |   5 | 2153.0 |
         Crypt |   4761 |   4597 |    164 |    770 |   2896 |   3 | 1587.0 |
        Depths |   7964 |   7299 |    665 |    425 |   5376 |   4 | 1991.0 |
           Zot |    104 |    104 |      0 |      0 |      0 |   1 |  104.0 |
      Ziggurat |     86 |     86 |      0 |      0 |     16 |   3 |   28.7 |
        Bazaar |     27 |     27 |      0 |      0 |     15 |   1 |   27.0 |
      Ice Cave |     80 |     80 |      0 |      0 |     43 |   1 |   80.0 |
       Volcano |    704 |    704 |      0 |    197 |    277 |   1 |  704.0 |
               +--------+--------+--------+--------+--------+-----+--------+

Top non-repeatable levels by time:
    D:12: 3798 daAuts
Vaults:2: 2792 daAuts
    D:11: 2645 daAuts
  Lair:5: 2530 daAuts
Depths:3: 2357 daAuts
Depths:2: 2338 daAuts
Vaults:1: 2219 daAuts
     D:5: 2155 daAuts
 Crypt:3: 2115 daAuts
Vaults:3: 2061 daAuts
Vaults:5: 1992 daAuts
  Lair:1: 1972 daAuts
    D:10: 1953 daAuts
    D:15: 1903 daAuts
   Elf:3: 1902 daAuts
